 Dungeon Crawl Stone Soup version 0.22.0-38-g04b72b8 (webtiles) character file.

5009 riellis the Cleaver (level 10, -2/80 HPs)
             Began as a Formicid Fighter on Aug 29, 2018.
             Was a Priest of Okawaru.
             Slain by a death yak (11 damage)
             ... on level 9 of the Dungeon.
             The game lasted 00:21:06 (9229 turns).

riellis the Cleaver (Formicid Fighter)              Turns: 9229, Time: 00:21:06

Health: -2/80      AC: 14    Str: 28    XL:     10   Next: 84%
Magic:  13/13      EV:  8    Int:  7    God:    Okawaru [***...]
Gold:   364        SH: 12    Dex: 10    Spells: 9/9 levels left

rFire    + . .     SeeInvis +   i - +4 short sword (elec)
rCold    . . .     Gourm    .   c - +0 shield
rNeg     . . .     Faith    .   n - +1 chain mail {MR+}
rPois    .         Spirit   .   (helmet unavailable)
rElec    .         Reflect  .   y - +0 cloak
rCorr    .         Harm     .   (no gloves)
MR       +++..                  C - +0 pair of boots
Stlth    ..........             h - amulet of the acrobat
HPRegen  0.23/turn              V - ring of protection from fire
MPRegen  0.13/turn              I - ring of protection from magic

@: mighty
A: permanent stasis, dig shafts and tunnels, four strong arms, antennae 3,
mutation resistance 1, weak 1
a: Dig, Shaft Self, Heroism, Renounce Religion


You were on level 9 of the Dungeon.
You worshipped Okawaru.
Okawaru was most pleased with you.
You were hungry.

You visited 2 branches of the dungeon, and saw 10 of its levels.

You collected 364 gold pieces.

Inventory:

Hand Weapons
 a - a +0 war axe
 b - a +0 fustibalus
 i - a +4 short sword of electrocution (weapon)
 q - a +0 dagger of venom
 v - a cursed -1 whip
 S - the +3 trident of Peril {pierce, MR+}
   (You found it on level 8 of the Dungeon)

   It inflicts extra damage upon your enemies.
   It affects your resistance to hostile enchantments.
 W - a +2 flail of crushing
Missiles
 s - 4 javelins (quivered)
 H - 40 sling bullets
Armour
 c - a +0 shield (worn)
 n - a +1 chain mail of magic resistance (worn)
 y - a +0 cloak (worn)
 C - a +0 pair of boots (worn)
 E - a +0 scale mail
 F - a +0 plate armour
Jewellery
 h - an amulet of the acrobat (around neck)
 o - an uncursed ring of magical power
 I - a ring of protection from magic (right hand)
 N - an uncursed ring of ice
 O - an uncursed ring of stealth
 P - a +5 ring of intelligence
 V - a ring of protection from fire (left hand)
Wands
 p - a wand of disintegration (14)
 t - a wand of flame (34)
 J - a wand of random effects (51)
Scrolls
 e - 2 scrolls of random uselessness {unknown}
 g - 2 scrolls of fear
 j - 8 scrolls of remove curse
 l - 4 scrolls of identify
 m - 6 scrolls of teleportation {unknown}
 x - 2 scrolls of immolation {unknown}
 A - a scroll of amnesia {unknown}
 B - 2 scrolls of enchant armour {unknown}
 K - a scroll of torment {unknown}
 L - a scroll of vulnerability {unknown}
 M - a scroll of magic mapping {unknown}
Potions
 k - 6 potions of curing
 r - a potion of cancellation {unknown}
 u - a potion of brilliance {unknown}
 w - 2 potions of degeneration {unknown}
 z - 2 potions of mutation
 D - a potion of berserk rage {unknown}
 G - 2 potions of haste {unknown}
 T - a potion of magic {unknown}
 U - a potion of agility {unknown}
Comestibles
 f - 12 rations
 Q - 3 chunks of flesh


   Skills:
 + Level 7.7 Fighting
 * Level 9.4 Axes
 + Level 7.8 Armour
 - Level 9.0 Shields
 + Level 5.2 Invocations


You had 9 spell levels left.
You didn't know any spells.
Your spell library contained the following spells:

 Spells                   Type           Power        Failure   Level  Hunger
 Animate Skeleton         Necr           N/A          91%         1    ##.....
 Pain                     Necr           #...         91%         1    ##.....
 Regeneration             Chrm/Necr      #.........   100%        3    ####...
 Vampiric Draining        Necr           #.........   100%        3    ####...
 Animate Dead             Necr           N/A          100%        4    #####..


Dungeon Overview and Level Annotations

Branches:
Dungeon (9/15)             Temple (1/1) D:6            Lair (0/6) D:9
    Orc: D:9-12

Altars:
Dithmenos
Elyvilon
Fedhas
Hepliaklqana
Kikubaaqudgha
Makhleb
Nemelex Xobeh
Okawaru
Qazlal
Sif Muna
Trog
Uskayaw
Vehumet
Yredelemnul
Zin
The Shining One

Shops:
D:4 %   D:7 %

Annotations:
D:6 3 runed doors, Hector's ghost, novice GnWz
D:7 2 transporters


Innate Abilities, Weirdness & Mutations

You cannot be hasted, slowed, berserked, paralysed or teleported.
You can dig through walls and to a lower floor.
Your four strong arms can wield two-handed weapons with a shield.
You have a pair of large antennae on your head. (SInv)
You are somewhat resistant to further mutation.
You are weak. (Str -2)


Message History

The death yak gores you!
* * * LOW HITPOINT WARNING * * *
You hit the death yak.
The death yak is lightly wounded.
The death yak gores you but does no damage.
You hit the death yak but do no damage.
Lightning courses through the death yak!
The death yak is moderately wounded.
The death yak gores you!
* * * LOW HITPOINT WARNING * * *
Okay, then.
Unknown command.
Okay, then.
You extend your mandibles.
You dig through the rock wall.
An ice beast comes into view.
The death yak gores you but does no damage.
You retract your mandibles.
The death yak gores you!
You die...

#...Y.##†#.#.# #####
###l######.#.# ..#.. #.#
#....#.# #.#.# #Y###.#..#.#
#.#.# #.#...#....# #.#.#
#Y..#####..# ....####
##.....#....#
.......##########Y..##.#.##.#
.#..............@...##...##.#
...#####.####.......#######.#
.### #.# #.####..# #.# .#
#.####.# ...# #..
.#######......# #.#.# .#
............### #.#..
.##########.# #. ### .# #.#
.# #.#####.###


You could see a death yak and a yak.

Vanquished Creatures
  A death yak (D:9)
  A hornet (D:8)
  2 hippogriffs
  Sigmund (D:2)
  2 yaks (D:9)
  Eustachio (D:5)
  Menkaure (D:6)
  2 soldier ants (D:8)
  Duvessa (D:7)
  An ice beast (D:6)
  An orc warrior (D:9)
  A black bear (D:9)
  A sky beast (D:5)
  2 ogres
  3 phantoms
  4 centaurs
  3 bullfrogs
  Blork the orc (D:4)
  Dowan (D:7)
  2 scorpions
  3 crimson imps
  4 howler monkeys
  A centaur zombie (D:7)
  3 orc priests
  Crazy Yiuf (D:4)
  2 centaur skeletons
  A jelly (D:8)
  A bullfrog skeleton (D:8)
  4 hounds
  2 orc wizards
  4 iguanas
  Terence (D:2)
  4 worker ants
  2 worker ant zombies
  11 gnolls
  10 adders
  A shadow imp (D:8)
  An ooze (D:4)
  3 worms
  A dart slug (D:2)
  A leopard gecko (D:2)
  25 orcs
  7 bats
  3 giant cockroaches
  9 goblins
  6 hobgoblins
  16 jackals
  7 kobolds
  5 quokkas
  A ball python skeleton (D:5)
  5 frilled lizards
  A leopard gecko skeleton (D:4)
  5 rats
  A fungus (D:4)
184 creatures vanquished.

Vanquished Creatures (others)
  A wizard (D:8)
1 creature vanquished.

Grand Total: 185 creatures vanquished

Notes
Turn   | Place    | Note
-------+----------+-------------------------------------------
     0 | D:1      | riellis the Formicid Fighter began the quest for the Orb.
     0 | D:1      | Reached XP level 1. HP: 18/18 MP: 1/1
   265 | D:1      | Reached XP level 2. HP: 23/24 MP: 2/2
   455 | D:1      | Reached XP level 3. HP: 27/29 MP: 3/3
   765 | D:2      | Noticed Sigmund
   771 | D:2      | Killed Sigmund
   771 | D:2      | Reached skill level 5 in Shields
   771 | D:2      | Reached XP level 4. HP: 37/37 MP: 4/4
   771 | D:2      | Reached XP level 5. HP: 42/42 MP: 5/5
   777 | D:2      | Noticed Terence
   786 | D:2      | Killed Terence
   786 | D:2      | Reached XP level 6. HP: 45/48 MP: 6/6
  2764 | D:3      | Found a glowing golden altar of the Shining One.
  3151 | D:4      | Reached XP level 7. HP: 55/55 MP: 7/7
  3220 | D:4      | Found Tucs's Food Shoppe.
  3475 | D:4      | Noticed Blork the orc
  3489 | D:4      | Killed Blork the orc
  3953 | D:3      | Found a burning altar of Makhleb.
  4477 | D:4      | Reached skill level 5 in Axes
  4626 | D:4      | Found a runed door.
  4630 | D:4      | Noticed Crazy Yiuf
  4641 | D:4      | Killed Crazy Yiuf
  4712 | D:5      | Entered Level 5 of the Dungeon
  4715 | D:5      | Reached skill level 5 in Armour
  4715 | D:5      | Reached XP level 8. HP: 54/61 MP: 8/8
  4791 | D:5      | Reached skill level 5 in Fighting
  5587 | D:5      | Noticed Eustachio
  5613 | D:5      | Killed Eustachio
  5973 | D:6      | Found a staircase to the Ecumenical Temple.
  6081 | D:6      | Noticed Menkaure
  6088 | D:6      | Killed Menkaure
  6088 | D:6      | Reached XP level 9. HP: 69/69 MP: 9/9
  6320 | D:6      | Found a runed gate.
  6320 | D:6      | Found a runed gate.
  6321 | D:6      | Found a runed gate.
  6321 | D:6      | Noticed Hector's ghost (novice GnWz)
  6523 | Temple   | Entered the Ecumenical Temple
  6546 | Temple   | Became a worshipper of Warmaster Okawaru
  6755 | D:7      | Found a transporter.
  6943 | D:7      | Reached skill level 1 in Invocations
  6952 | D:7      | Found a transporter.
  7193 | D:7      | Noticed a hippogriff
  7207 | D:7      | Killed a hippogriff
  7207 | D:7      | Reached * piety under Okawaru
  7396 | D:7      | Found Det Safisk's Food Boutique.
  7690 | D:7      | Noticed Duvessa
  7690 | D:7      | Noticed Dowan
  7704 | D:7      | Gained mutation: You are weak. (Str -2) [potion of mutation]
  7704 | D:7      | Gained mutation: You are somewhat resistant to further mutation. [potion of mutation]
  7715 | D:7      | Killed Duvessa
  7721 | D:7      | Killed Dowan
  8061 | D:8      | Noticed a hornet
  8069 | D:8      | Killed a hornet
  8069 | D:8      | Reached ** piety under Okawaru
  8069 | D:8      | Reached XP level 10. HP: 70/77 MP: 9/12
  8265 | D:8      | Found a bloodstained altar of Trog.
  8345 | D:8      | Got a crude trident
  8346 | D:8      | Identified the +3 trident of Peril {pierce, MR+} (You found it on level 8 of the Dungeon)
  8567 | D:8      | Noticed a wizard
  8571 | D:8      | Killed a wizard
  9178 | D:9      | Found a staircase to the Lair.
  9179 | D:9      | Noticed a death yak
  9179 | D:9      | Noticed a death yak
  9196 | D:9      | Reached *** piety under Okawaru
  9215 | D:9      | Killed a death yak
  9215 | D:9      | Reached skill level 5 in Invocations
  9215 | D:9      | Noticed a death yak
  9229 | D:9      | Slain by a death yak

Skill      XL: |  1  2  3  4  5  6  7  8  9 10 |
---------------+-------------------------------+-----
Shields        | 4 5 6 8 9 |  9.0
Fighting       | 4 5 6 7 |  7.7
Axes           | 3 4 5 6 8 9 |  9.4
Armour         | 4 5 6 7 |  7.8
Invocations    | 3 5 |  5.2

Action                   |  1- 3 |  4- 6 |  7- 9 | 10-12 || total
-------------------------+-------+-------+-------+-------++-------
Melee: War axe           |    88 |   148 |   414 |   181 ||   831
       Short sword       |       |       |       |     5 ||     5
 Fire: Fustibalus        |       |       |    19 |       ||    19
Invok: Heroism           |       |       |     1 |     2 ||     3
 Abil: Dig               |     1 |       |     5 |     3 ||     9
  Use: Potion            |     1 |     1 |     6 |     2 ||    10
       Scroll            |       |     2 |     1 |     1 ||     4
  Eat: Chunk             |       |     7 |    14 |     4 ||    25
       Ration            |       |       |     1 |       ||     1
Armor: Scale mail        |    37 |     1 |       |       ||    38
       Chain mail        |       |    70 |   169 |    75 ||   314
       Skin              |       |     3 |    10 |       ||    13
Dodge: Dodged            |    38 |    45 |    95 |    50 ||   228
Block: Shield            |    63 |    79 |   237 |    99 ||   478
